 Dungeon Crawl Stone Soup version 0.32-a0-290-g598725c (webtiles) character file.

Game seed: 11377062274054583727

4068 staltz the Martial Artist (level 10, -10/67 HPs)
             Began as a Djinni Shapeshifter on Feb 12, 2024.
             Was an Initiate of Ashenzari.
             Mangled by a hornet (13 damage)
             ... on level 8 of the Dungeon on Feb 13, 2024.
             The game lasted 00:36:03 (10232 turns).

staltz the Martial Artist (Djinni Shapeshifter)    Turns: 10232, Time: 00:36:03

Health: -10/67     AC:  8    Str: 13    XL:     10   Next: 49%
Gold:   99         EV: 12    Int: 13    God:    Ashenzari [......] SH:  0 Dex: 16

rFire   + +          .
                       - Unarmed
rCold   x . .        (no shield)
rNeg    . . .        R - +1 scale mail {Will+}
rPois   ∞            (helmet currently unavailable)
rElec   .            (cloak currently unavailable)
rCorr   .            (gloves currently unavailable)
SInv    .            (boots unavailable)
Will    ++...        (no amulet)
Stlth   +            Q - ring of wizardry
HPRegen 0.31/turn    (no ring)
MPRegen 0.00/turn

%: wizardry (x1), infuse magic (-11 HP)
@: beast-form, flying
A: beast (slay +3), flying, sickness immunity, fire resistance 2, cold
vulnerability 1, float, innate caster, HP casting, extra vitality 1
a: Begin Untransformation, Renounce Religion, Curse Item


You were on level 8 of the Dungeon.
You worshipped Ashenzari.
Ashenzari was noncommittal.
You were a hulking beast.
You visited 2 branches of the dungeon, and saw 9 of its levels.

You collected 303 gold pieces.
You spent 204 gold pieces at shops.

Inventory:

Hand Weapons
 j - a +1 sling of freezing
Missiles
 l - 45 stones
 v - 2 boomerangs
 z - 5 javelins
 G - 2 poisoned darts (quivered)
 O - 2 throwing nets
Armour
 a - a +0 animal skin
 n - a +0 leather armour
 r - a +1 ring mail of fire resistance
 K - a +0 helmet
 R - a +1 scale mail of willpower (worn)
 S - +0 steam dragon scales
Magical Staves
 y - a staff of conjuration
Jewellery
 Q - a ring of wizardry (left hand)
Talismans
 c - a beast talisman (active)
 d - a flux talisman
 m - a blade talisman
Wands
 u - a wand of flame (48)
 B - a wand of polymorph (3)
 H - a wand of roots (8)
 J - a wand of paralysis (5)
Scrolls
 g - 4 scrolls of immolation
 h - 5 scrolls of enchant armour
 i - a scroll of amnesia {unknown}
 o - a scroll of blinking {unknown}
 x - 2 scrolls of fog
 C - 3 scrolls of identify
 F - 3 scrolls of fear
 I - a scroll of noise {unknown}
 N - 4 scrolls of teleportation
 P - a scroll of vulnerability {unknown}
 T - a scroll of revelation {unknown}
Potions
 b - a potion of attraction {unknown}
 e - 3 potions of curing
 f - a potion of magic
 k - a potion of heal wounds
 p - 2 potions of enlightenment {unknown}
 q - 4 potions of mutation
 s - a potion of haste {unknown}
 t - a potion of resistance {unknown}
 w - 2 potions of brilliance {unknown}
 A - a potion of cancellation {unknown}
 D - a potion of ambrosia {unknown}
 L - a potion of invisibility {unknown}
 M - 2 potions of might


   Skills:
 + Level 3.6 Fighting
 - Level 1.3 Throwing
 + Level 6.3 Armour
 * Level 6.8 Dodging
 + Level 1.4 Stealth
 + Level 9.6 Unarmed Combat
 + Level 0.8 Evocations
 * Level 5.2 Shapeshifting


You knew the following spells:

 Your Spells              Type           Power      Damage    Failure   Level
a - Slow                  Hex            0%         N/A       43%         1
b - Static Discharge      Conj/Air       0%         3-3/arc   56%         2
c - Volatile Blastmotes   Fire/Tloc      0%         2d10      78%         3
d - Leda's Liquefaction   Alch/Erth      0%         N/A       99%         4
Your spell library was empty.

Dungeon Overview and Level Annotations

Branches:
Dungeon (8/15)             Temple (1/1) D:6
   Lair: D:8-11

Altars:
Ashenzari
Cheibriados
Dithmenos
Elyvilon
Fedhas
Gozag
Hepliaklqana
Makhleb
Nemelex Xobeh
Okawaru
Qazlal
Ru
Trog
Uskayaw
Wu Jian
Xom
Yredelemnul
Zin
The Shining One

Shops:
D:6 *?(=   D:7 (

Annotations:
D:2 Natasha, Sigmund, Terence
D:6 1 runed translucent door, Crazy Yiuf


Innate Abilities, Weirdness & Mutations

You are a hulking beast.
Your limbs bulge with bestial killing power. (Slay +3)
You are flying.
You are immune to sickness and miasma.
You are immune to poison.
Your flesh is very heat resistant. (rF++)
You are vulnerable to cold. (rC-)
You float through the air rather than walking.
You learn spells naturally, not from books.
Your magical power is your life essence.
You have superior vitality. (+4 MHP)


Message History

You hit the hornet.
The hornet is severely wounded.
The hornet stings you! The hornet closely misses you.
You hit the hornet.
The hornet is severely wounded.
The hornet stings you!
Aiming: Quicksilver Bolt
Press: ? - help, Shift-Dir - straight line, f - ice beast, p - hornet
Aim: an ice beast (71% to hit)
The bolt of dispelling energy misses the hornet.
The bolt of dispelling energy hits the ice beast.
The ice beast is lightly wounded.
The now-empty wand crumbles to dust.
The hornet stings you but does no damage.
Unknown command.
You closely miss the hornet.
The hornet is severely wounded.
The hornet closely misses you. The hornet stings you!
* * * LOW HITPOINT WARNING * * *
Okay, then.
You completely miss the hornet.
The hornet is severely wounded.
The hornet stings you.
* * * LOW HITPOINT WARNING * * *
Unknown command.
You miss the hornet. You punch the hornet.
The hornet is almost dead.
The hornet stings you!
* * * LOW HITPOINT WARNING * * *
You feel much better. The hornet stings you!
* * * LOW HITPOINT WARNING * * *
The hornet barely misses you.
You closely miss the hornet.
The hornet is almost dead.
The hornet stings you!
* * * LOW HITPOINT WARNING * * *
You closely miss the hornet.
The hornet is almost dead.
The hornet stings you!
You die...

......( . #.# #.# ...(.#.
#. #.###.# .......
..###.....###### .......
............... #.....##
#..###.#####.
#..Y#########............
###>.............#.....#.
####....########)#######.#.
........Yyh.# #.[)<)..#.#.
####....###.# #########.#.
#....# #.# ########.#.
#....# #.# #..........
#..[.# #.# #.##.###.#.
......# #.# #.##.#...#.
###....# #.# #.##.#.....
#....# #.# #.##.###### #.#
#....# #


You could see a hornet and an ice beast.

Vanquished Creatures
  Pikel (D:5)
  Eustachio (D:4)
  2 steam dragons
  A water moccasin (D:5)
  Duvessa (D:4)
  2 ice beasts
  2 sky beasts (D:7)
  3 black bears
  2 ogres (D:7)
  3 wolves
  A centaur (D:4)
  A lemure (D:5)
  2 gnoll sergeants
  4 scorpions
  A wight (D:6)
  A killer bee (D:8)
  Dowan (D:4)
  4 howler monkeys
  6 hounds
  A jelly (D:8)
  3 orc priests
  4 bombardier beetles
  2 sleepcaps
  2 gnoll boudas (D:7)
  5 iguanas
  Ijyb (D:5)
  3 orc wizards
  21 gnolls
  5 adders
  2 white imps (D:6)
  2 ufetubi (D:6)
  15 orcs
  7 endoplasms
  13 giant cockroaches
  3 goblins
  5 hobgoblins
  5 jackals (D:4)
  2 kobolds
  2 quokkas
  8 ball pythons
  3 bats
  2 frilled lizards
  7 rats
162 creatures vanquished.

Vanquished Creatures (others)
  An orc wizard (D:6)
1 creature vanquished.

Grand Total: 163 creatures vanquished

Notes
Turn   | Place    | Note
-------+----------+-------------------------------------------
     0 | D:1      | staltz the Djinni Shapeshifter began the quest for the Orb.
     0 | D:1      | Reached XP level 1. HP: 17/17 MP: 0/0
   111 | D:1      | Reached XP level 2. HP: 22/22 MP: 0/0
   832 | D:2      | Reached XP level 3. HP: 24/27 MP: 0/0
   832 | D:2      | Learned a level 1 spell: Slow
   950 | D:2      | Noticed Natasha
   978 | D:2      | Noticed Sigmund
  1142 | D:2      | Reached XP level 4. HP: 33/33 MP: 0/0
  1514 | D:2      | Noticed Terence
  2779 | D:4      | Noticed Eustachio
  2846 | D:4      | Noticed a centaur
  2898 | D:4      | Found a burning altar of Makhleb.
  2932 | D:4      | Reached XP level 5. HP: 34/38 MP: 0/0
  2932 | D:4      | Learned a level 2 spell: Static Discharge
  2937 | D:4      | Reached skill level 1 in Armour
  2937 | D:4      | Reached skill level 4 in Unarmed Combat
  3087 | D:4      | Reached XP level 6. HP: 28/43 MP: 0/0
  3243 | D:4      | Noticed a black bear
  3437 | D:4      | Noticed Dowan
  3463 | D:4      | Upgraded the game from 0.32-a0-171-g4625e66 to
                  | 0.32-a0-172-gc5dd13f
  3731 | D:4      | Noticed Duvessa
  3746 | D:4      | Killed Duvessa
  3747 | D:4      | Reached skill level 5 in Unarmed Combat
  3747 | D:4      | Reached XP level 7. HP: 49/49 MP: 0/0
  3747 | D:4      | Learned a level 3 spell: Volatile Blastmotes
  3759 | D:4      | Killed Dowan
  3991 | D:3      | Upgraded the game from 0.32-a0-172-gc5dd13f to
                  | 0.32-a0-290-g598725c
  4071 | D:4      | Killed Eustachio
  4072 | D:4      | Reached skill level 1 in Throwing
  4127 | D:4      | Found a stormy altar of Qazlal.
  4255 | D:4      | Reached XP level 8. HP: 44/55 MP: 0/0
  4362 | D:5      | Entered Level 5 of the Dungeon
  4362 | D:5      | Noticed Pikel
  4391 | D:5      | Killed Pikel
  4392 | D:5      | Reached skill level 7 in Unarmed Combat
  4497 | D:5      | Reached skill level 5 in Dodging
  4497 | D:5      | Reached XP level 9. HP: 34/59 MP: 0/0
  4497 | D:5      | Learned a level 4 spell: Leda's Liquefaction
  5031 | D:5      | Reached skill level 8 in Unarmed Combat
  5171 | D:5      | Noticed Ijyb
  5182 | D:5      | Killed Ijyb
  5791 | D:6      | Found Tarhidda's Magic Scroll Boutique.
  5811 | D:6      | Bought a scroll of fear for 56 gold pieces
  5811 | D:6      | Bought a scroll of poison for 56 gold pieces
  5811 | D:6      | Bought a scroll of identify for 28 gold pieces
  5811 | D:6      | Bought a scroll of identify for 28 gold pieces
  5815 | D:6      | Found Byawk's Weapon Emporium.
  5815 | D:6      | Found Eniu's General Store.
  6018 | D:6      | Found a runed translucent door.
  6019 | D:6      | Noticed Crazy Yiuf
  6744 | D:6      | Found a staircase to the Ecumenical Temple.
  6753 | Temple   | Found a transporter.
  6753 | Temple   | Found a transporter.
  6753 | Temple   | Found a transporter.
  6753 | Temple   | Found a transporter.
  6753 | Temple   | Entered the Ecumenical Temple
  6784 | Temple   | Became a worshipper of Ashenzari the Shackled
  7283 | D:6      | Reached skill level 5 in Armour
  7440 | D:6      | Found Dinnem's Jewellery Shoppe.
  7497 | D:6      | Bought a scroll of teleportation for 36 gold pieces
  7990 | D:7      | Found Duuzyk's Antique Weapon Shop.
  8595 | D:7      | Reached XP level 10. HP: 27/67 MP: 0/0
  8600 | D:7      | Reached skill level 1 in Stealth
  8604 | D:7      | Reached skill level 9 in Unarmed Combat
  8971 | D:7      | Reached skill level 5 in Shapeshifting
  8979 | D:7      | Found a blossoming altar of Fedhas.
  9395 | D:8      | Noticed a rime drake
 10231 | D:8      | HP: 2/67 [hornet (14)]
 10232 | D:8      | Mangled by a hornet

Illustrated notes

Levels and vault maps discovered:
D:1:      psy_arrival_basics, layout_basic, hangedman_decor_clover_reticule
D:2:      minmay_roachtagon, layout_basic, uniq_terence, uniq_sigmund,
          uniq_natasha
D:3:      layout_rooms, serial_bayou, serial_bayou_lake_a, serial_bayou_shore_a,
          serial_bayou_shore_b, serial_bayou_ford_a, serial_bayou_shore_b,
          nicolae_twisty_statue_hallways
D:4:      layout_basic, lemuel_doored_altar, grunt_qazlal_clouds,
          nrook_mini_vaults, uniq_eustachio, uniq_duvessa
D:5:      layout_basic, uniq_pikel, uniq_ijyb
D:6:      layout_loops_ring, minmay_temple_entry_proselytizer, serial_shops,
          shop, nicolae_shop_real_fake_doors, nicolae_shop_crystal, shop,
          kennysheep_opposing_triangles, uniq_crazy_yiuf_cottage
D:7:      layout_basic, kennysheep_mini_moat, serial_shops, shop
D:8:      layout_basic, hellmonk_lair_entry_icy
Temple:   hellmonk_temple_divided_pantheon

Skill      XL: |  1  2  3  4  5  6  7  8  9 10 |
---------------+-------------------------------+-----
Shapeshifting  | 3 4 5 |  5.2
Fighting       | 2 3 |  3.6
Dodging        | 3 5 6 |  6.8
Armour         | 1 2 4 5 6 |  6.3
Unarmed Combat | 4 5 7 8 9 |  9.6
Throwing       | 1 |  1.3
Stealth        | 1 |  1.4
Evocations     | |  0.8

Action                     |  1- 3 |  4- 6 |  7- 9 | 10-12 || total
---------------------------+-------+-------+-------+-------++-------
  Melee: Unarmed           |    78 |   185 |   268 |   136 ||   667
         Punch             |       |     9 |    17 |     9 ||    35
  Throw: Boomerang         |       |     5 |    69 |     7 ||    81
         Dart              |       |       |     2 |    10 ||    12
         Throwing net      |       |       |     2 |       ||     2
  Evoke: Wand              |       |       |     9 |     3 ||    12
    Use: Scroll            |       |     8 |     3 |       ||    11
         Potion            |       |     1 |     2 |     2 ||     5
   Stab: Held in net/web   |       |       |     1 |       ||     1
         Distracted        |       |       |       |     1 ||     1
 Armour: Animal skin       |     9 |       |       |       ||     9
         Leather armour    |    15 |    43 |       |       ||    58
         Ring mail         |       |    49 |   148 |       ||   197
         Skin              |       |     5 |    63 |       ||    68
         Scale mail        |       |       |    20 |    94 ||   114
  Dodge: Dodged            |    39 |    86 |   131 |    60 ||   316
   Form: Beast             |       |       |       |     1 ||     1
         Flux              |       |       |       |     1 ||     1

Table legend: (Time is in decaauts)
 A = Elapsed time spent in this place.
 B = Non-inter-level travel time spent in this place.
 C = Inter-level travel time spent in this place.
 D = Time resting spent in this place.
 E = Time spent auto-exploring this place.
 F = Levels seen in this place.
 G = Mean time per level.
                   A        B        C        D        E       F      G
               +--------+--------+--------+--------+--------+-----+--------+
         Total |  10184 |   9485 |    699 |   2515 |   4891 |   9 | 1131.6 |
       Dungeon |  10140 |   9452 |    688 |   2515 |   4891 |   8 | 1267.5 |
        Temple |     44 |     33 |     11 |      0 |      0 |   1 |   44.0 |
               +--------+--------+--------+--------+--------+-----+--------+

Top non-repeatable levels by time:
     D:6: 2488 daAuts
     D:5: 1512 daAuts
     D:7: 1455 daAuts
     D:4: 1420 daAuts
     D:3: 1034 daAuts
     D:2: 1025 daAuts
     D:1: 874 daAuts
     D:8: 328 daAuts
  Temple: 44 daAuts
